 Seeded DCSS version 0.26.1-16-g4e020e15dc (webtiles) character file.

Game seed: 867987566543 (custom seed)

205 Fluidstar381 the Ducker (level 5, -12/53 HPs)
             Began as a Troll Berserker on Feb 28, 2023.
             Was a Believer of Trog.
             Mangled by Duvessa
             ... wielding a +0 short sword
              (13 damage)
             ... on level 5 of the Dungeon.
             The game lasted 00:08:44 (1829 turns).

Fluidstar381 the Ducker (Troll Berserker)           Turns: 1829, Time: 00:08:44

Health: -12/53     AC:  6    Str: 26    XL:     5   Next: 53%
Magic:  4/4        EV: 12    Int:  3    God:    Trog [**....]
Gold:   114        SH:  0    Dex: 15    Spells: 4/4 levels left

rFire    . . .     SeeInvis .   y - +0 war axe
rCold    . . .     Faith    .   (no shield)
rNeg     . . .     Spirit   .   a - +0 animal skin
rPois    .         Reflect  .   (helmet restricted)
rElec    .         Harm     .   (no cloak)
rCorr    .         Rampage  .   (gloves unavailable)
Will     .....                  (boots unavailable)
Stlth    +.........             (no amulet)
HPRegen  0.57/turn              u - +6 ring of dexterity
MPRegen  0.09/turn              (no ring)

@: mighty
A: large, unfitting armour, claws 3, regeneration 1, shaggy fur 1, tough skin 3
a: Renounce Religion, Berserk, Trog's Hand


You were on level 5 of the Dungeon.
You worshipped Trog.
Trog was pleased with you.
You visited 1 branch of the dungeon, and saw 5 of its levels.

You collected 114 gold pieces.

Inventory:

Hand Weapons
 m - a +0 hand axe
 o - a +0 hunting sling
 p - a +0 hand axe
 q - a cursed -3 whip
 r - a +0 dagger of venom
 s - a +0 morningstar
 y - a +0 war axe (weapon)
Missiles
 b - 6 javelins
 e - 36 sling bullets
 j - 50 stones
 l - 75 arrows
 x - 12 boomerangs
Armour
 a - a +0 animal skin (worn)
Jewellery
 u - a +6 ring of dexterity (left claw)
Scrolls
 g - 2 scrolls of teleportation {unknown}
 h - a scroll of fear {unknown}
 i - 2 scrolls of amnesia {unknown}
 k - 2 scrolls of identify {unknown}
 n - a scroll of magic mapping {unknown}
 z - a scroll of enchant weapon {unknown}
Potions
 c - a potion of cancellation {unknown}
 d - 2 potions of lignification {unknown}
 f - 2 potions of mutation {unknown}
 t - a potion of flight {unknown}
 v - a potion of curing {unknown}


   Skills:
 + Level 3.1 Fighting
 + Level 2.0 Axes
 + Level 3.9 Dodging
 + Level 0.1 Stealth
 + Level 3.4 Unarmed Combat


You had 4 spell levels left.
You didn't know any spells.
Your spell library was empty.

Dungeon Overview and Level Annotations

Branches:
Dungeon (5/15)             Temple (0/1) D:5

Altars:

Annotations:
D:5 Dowan, Duvessa


Innate Abilities, Weirdness & Mutations

You are too large for most types of armour.
You have claws for hands.
Your natural rate of healing is unusually fast.
You are covered in fur. (AC +1)
You have extremely tough skin. (AC +3)


Message History

Duvessa is moderately wounded.
You barely miss the white imp. You slash Dowan!
Duvessa hits you with a +0 short sword.
* * * LOW HITPOINT WARNING * * *
Dowan gestures at you while chanting. The puff of flame hits you.
* * * LOW HITPOINT WARNING * * *
The white imp hits you.
* * * LOW HITPOINT WARNING * * *
The white imp freezes you.
* * * LOW HITPOINT WARNING * * *
Duvessa hits you but does no damage.
It was a potion of might.
You feel very mighty all of a sudden. Dowan hits you but does no damage.
The white imp hits you.
* * * LOW HITPOINT WARNING * * *
The white imp freezes you.
* * * LOW HITPOINT WARNING * * *
Duvessa hits you with a +0 short sword!
You die...

.............................>#
....#.####...........########.#
...##.# #...........# #.# ###
#.# #########.#.# #.# #.#
########.#.## #.# #.#
###...........#######.# #.#
....#.#.#.#.#.........# #.#
..............#########
....#B.5@...#.# .......ee.....#
#$..#...>...#.# .#............#
#..#.......#.# #..............
#..#.#.#.#.#.## .............#
##..#####.#.##


You could see Duvessa, Dowan, a white imp and a giant cockroach.

Vanquished Creatures
  A scorpion (D:3)
  A howler monkey (D:5)
  Jessica (D:2)
  3 adders
  5 worms
  A dart slug (D:1)
  2 leopard geckos
  4 orcs
  4 goblins (D:1)
  5 hobgoblins
  4 jackals (D:2)
  5 kobolds
  4 bats
  2 frilled lizards (D:1)
  4 rats
46 creatures vanquished.

Vanquished Creatures (others)
  44 plants
44 creatures vanquished.

Grand Total: 90 creatures vanquished

Notes
Turn   | Place    | Note
-------+----------+-------------------------------------------
     0 | D:1      | Fluidstar381 the Troll Berserker began the quest for the
                  | Orb.
     0 | D:1      | Reached XP level 1. HP: 22/22 MP: 0/0
   300 | D:1      | Reached XP level 2. HP: 10/29 MP: 1/1
   495 | D:2      | Noticed Jessica
   514 | D:2      | Killed Jessica
   515 | D:2      | Reached XP level 3. HP: 17/36 MP: 2/2
   887 | D:2      | Reached XP level 4. HP: 34/44 MP: 3/3
  1221 | D:3      | Reached skill level 1 in Axes
  1318 | D:3      | Reached ** piety under Trog
  1367 | D:3      | Reached XP level 5. HP: 46/53 MP: 4/4
  1765 | D:5      | Entered Level 5 of the Dungeon
  1806 | D:5      | Found a staircase to the Ecumenical Temple.
  1818 | D:5      | Noticed Duvessa
  1820 | D:5      | Noticed Dowan
  1829 | D:5      | HP: 1/53 [white imp (4)]
  1829 | D:5      | Mangled by Duvessa

Illustrated notes

Levels and vault maps discovered:
D:1:      minmay_arrival_plants_in_alcoves, layout_basic,
          hangedman_feature_mirror
D:2:      layout_basic, minmay_bisected, uniq_jessica
D:3:      layout_basic
D:4:      minmay_door_path, layout_loops_ring
D:5:      kennysheep_kobold_camp, layout_basic, minmay_temple_entry_glass,
          basic_altar, amcnicky_mini_pool_medium, uniq_prince_ribbit1,
          uniq_grinder, uniq_duvessa

Skill      XL: |  1  2  3  4  5 |
---------------+----------------+-----
Dodging        | 3 |  3.9
Fighting       | 3 |  3.1
Axes           | 1 2 |  2.0
Stealth        | |  0.1
Unarmed Combat | |  3.4

Action                   |  1- 3 |  4- 6 || total
-------------------------+-------+-------++-------
Melee: Unarmed           |    93 |       ||    93
       Punch             |     2 |       ||     2
       Hand axe          |    68 |    82 ||   150
       War axe           |       |     9 ||     9
  Use: Potion            |       |     1 ||     1
Armor: Animal skin       |    98 |    32 ||   130
Dodge: Dodged            |   145 |    69 ||   214
